 Dungeon Crawl Stone Soup version 0.29-a0-1023-g6ae1a4a2c7 (webtiles) character file.

Game seed: 16618471607338250685

682 Essalna the Ruffian (level 7, 0/60 HPs)
             Began as a White Draconian Transmuter on Aug 11, 2022.
             Slain by an ice beast (4 damage)
             ... on level 5 of the Dungeon.
             The game lasted 00:05:14 (4625 turns).

Essalna the Ruffian (White Draconian Transmuter)    Turns: 4625, Time: 00:05:15

Health: 0/60       AC:  7    Str: 13    XL:     7   Next: 34%
Magic:  10/10      EV: 12    Int: 15    God:
Gold:   144        SH:  0    Dex: 11    Spells: 5/10 levels left

rFire   + . .      SeeInvis .     - Unarmed
rCold   + . .      Faith    .   (no shield)
rNeg    . . .      Spirit   .   (body armour unavailable)
rPois   .          Reflect  .   (helmet currently unavailable)
rElec   .          Harm     .   s - +0 cloak
rCorr   .          Rampage  .   (no gloves)
Will    .....                   (boots currently unavailable)
Stlth   +.........              (no amulet)
HPRegen 0.20/turn               w - ring of protection from fire
MPRegen 0.12/turn               (no ring)

@: appendages
A: horns 2, talons 2, breathe frost, AC +6, unfitting armour, cold resistance 1,
cold-blooded
a: Breathe Frost, End Transformation


You were on level 5 of the Dungeon.
You had temporarily grown beastly horns and talons.
You visited 1 branch of the dungeon, and saw 5 of its levels.

You collected 144 gold pieces.

Inventory:

Armour
 s - a +0 cloak (worn)
Jewellery
 m - a ring of fire
 w - a ring of protection from fire (left hand)
Scrolls
 b - 4 scrolls of teleportation {unknown}
 c - a scroll of magic mapping {unknown}
 d - 4 scrolls of identify {unknown}
 e - 2 scrolls of fog {unknown}
 f - a scroll of enchant armour {unknown}
 g - a scroll of summoning {unknown}
 i - 2 scrolls of vulnerability {unknown}
 k - a scroll of torment {unknown}
 r - a scroll of fear {unknown}
 t - a scroll of noise {unknown}
 u - a scroll of blinking {unknown}
 v - a scroll of immolation {unknown}
 x - a scroll of enchant weapon {unknown}
Potions
 a - a potion of lignification
 h - 2 potions of curing {unknown}
 j - 2 potions of attraction {unknown}
 l - 2 potions of magic {unknown}
 n - a potion of cancellation {unknown}
 o - 2 potions of heal wounds {unknown}
 p - 2 potions of brilliance {unknown}
 q - a potion of invisibility {unknown}


   Skills:
 + Level 4.7 Fighting
 - Level 1.7 Dodging
 + Level 5.2 Unarmed Combat
 - Level 2.0 Spellcasting
 + Level 4.7 Transmutations
 + Level 3.2 Ice Magic


You had 5 spell levels left.
You knew the following spells:

 Your Spells              Type           Power      Damage    Failure   Level
a - Beastly Appendage     Tmut           30%        N/A       3%          1
b - Ice Form              Ice/Tmut       13%        N/A       41%         4

Your spell library contained the following spells:

 Spells                   Type           Power      Damage    Failure   Level
 Wereblood                Tmut           15%        N/A       4%          2
 Spider Form              Tmut/Pois      8%         N/A       26%         3


Dungeon Overview and Level Annotations

Branches:
Dungeon (5/15)
 Temple: D:4-7

Altars:
Kikubaaqudgha
Uskayaw


Innate Abilities, Weirdness & Mutations

You have temporarily grown beastly horns and talons.
You can breathe waves of freezing cold which knock back foes.
Your icy white scales are hard. (AC +6)
You cannot fit into any form of body armour.
Your flesh is cold resistant. (rC+)
You are cold-blooded and may be slowed by cold attacks.


Message History

You start waiting.
Done waiting.
You climb downwards.
There is a stone staircase leading up here.
Items here: )) [ รท.
Things that are here:
a +0 robe; a +0 dagger; an orc skeleton You see here a +0 mace of protection.
Found a ring mail.
You now have 144 gold pieces (gained 5).
There is a stone staircase leading up, spattered with blood here.
An orc comes into view.
It is wielding a +2 trident of distortion.
The orc shouts!
You grow a pair of large bovine horns.
Your feet morph into talons.
The orc hits you from afar with a +2 trident of distortion.
You blink.
The orc hits you with a +2 trident of distortion.
Space warps around you.
You closely miss the orc.
The orc hits you with a +2 trident of distortion.
Space warps horribly around you!
You are too injured to fight recklessly!
You are too injured to fight recklessly!
You closely miss the orc. You claw the orc, but do no damage.
Your headbutt misses the orc. The ice beast hits you.
The ice beast freezes you. You resist. The orc hits you but does no damage.
Space warps horribly around you!
* * * LOW HITPOINT WARNING * * *
You hit the orc. You claw the orc, but do no damage.
Your headbutt misses the orc.
The orc is severely wounded.
The ice beast hits you but does no damage.
The orc barely misses you. The orc attacks as you move away!
The orc hits you but does no damage. Space warps horribly around you!
* * * LOW HITPOINT WARNING * * *
The ice beast attacks as you move away! The ice beast hits you.
* * * LOW HITPOINT WARNING * * *
The ice beast freezes you. You resist.
You die...

#. ..# #...^...###.###..# #
..#########......<. ....$..#.#
.......<>##....... .........
.#######.##.......####..|....#
#[##...........<...#
#.##.#..#######.##.#
...#####[##.#..##Y.....#
......).........@o# ##.#
....####.....<##### #.# ..
######.#.########.#
....................
#######.......[....#
############


You could see an ice beast and an orc.

Vanquished Creatures
  Sigmund (D:2)
  An ice beast (D:5)
  A scorpion (D:4)
  2 howler monkeys
  3 hounds
  An orc priest (D:5)
  An orc wizard (D:4)
  7 adders
  An ufetubus (D:4)
  2 worms
  3 dart slugs
  3 orcs
  4 endoplasms
  4 giant cockroaches
  5 goblins
  8 hobgoblins
  4 kobolds
  2 quokkas
  7 ball pythons
  5 bats
  5 rats
70 creatures vanquished.

Vanquished Creatures (others)
  An orc wizard (D:5)
  4 toadstools (D:1)
5 creatures vanquished.

Grand Total: 75 creatures vanquished

Notes
Turn   | Place    | Note
-------+----------+-------------------------------------------
     0 | D:1      | Essalna the Draconian Transmuter began the quest for the
                  | Orb.
     0 | D:1      | Reached XP level 1. HP: 16/16 MP: 3/3
   386 | D:1      | Reached XP level 2. HP: 23/23 MP: 3/5
  1128 | D:2      | Reached XP level 3. HP: 29/29 MP: 4/6
  1306 | D:2      | Noticed Sigmund
  1322 | D:2      | Killed Sigmund
  1323 | D:2      | Reached skill level 4 in Unarmed Combat
  1323 | D:2      | Reached XP level 4. HP: 28/38 MP: 7/7
  1323 | D:2      | Reached XP level 5. HP: 33/45 MP: 8/8
  1333 | D:2      | Learned a level 4 spell: Ice Form
  1621 | D:2      | Found a faded altar of an unknown god.
  2303 | D:3      | Reached skill level 1 in Ice Magic
  2303 | D:3      | Reached XP level 6. HP: 52/52 MP: 9/9
  3457 | D:4      | Found an ancient bone altar of Kikubaaqudgha.
  3767 | D:4      | Found a hide-covered altar of Uskayaw.
  3961 | D:5      | Entered Level 5 of the Dungeon
  3961 | D:5      | Noticed an ice beast
  3968 | D:4      | Reached skill level 5 in Unarmed Combat
  3998 | D:5      | Noticed an ice beast
  4007 | D:5      | Killed an ice beast
  4008 | D:5      | Your scales start taking on an icy white colour.
  4008 | D:5      | Reached XP level 7. HP: 36/60 MP: 8/10
  4008 | D:5      | Gained mutation: Your flesh is cold resistant. (rC+) [White
                  | Draconian growth]
  4625 | D:5      | Slain by an ice beast

Illustrated notes

Levels and vault maps discovered:
D:1:      ldierk_walled_garden_2, layout_loops_ring, minmay_pentomino_o2
D:2:      layout_loops_ring, hellmonk_ecumenical_altar_leap_of_faith,
          uniq_sigmund
D:3:      layout_loops_corners, hangedman_glass_teeth
D:4:      layout_basic, overflow_temple_1_default, kennysheep_mini,
          corner_web_ring
D:5:      layout_loops_ring, mainiacjoe_overflow_small_starburst,
          fedhas_altar_4, temple_hall

Skill      XL: |  1  2  3  4  5  6  7 |
---------------+----------------------+-----
Fighting       | 2 3 4 |  4.7
Unarmed Combat | 4 5 |  5.2
Transmutations | 3 4 |  4.7
Ice Magic      | 1 2 3 |  3.2
Dodging        | |  1.7
Spellcasting   | |  2.0

Action                   |  1- 3 |  4- 6 |  7- 9 || total
-------------------------+-------+-------+-------++-------
Melee: Unarmed           |    67 |   127 |    36 ||   230
       Kick              |    17 |    41 |    12 ||    70
       Headbutt          |     6 |    13 |     2 ||    21
       Tailslap          |     4 |    12 |     7 ||    23
       Punch             |     2 |     4 |     3 ||     9
 Cast: Beastly Appendage |    18 |    35 |     5 ||    58
 Stab: Sleeping          |     1 |       |       ||     1
Armor: Skin              |    16 |    50 |    17 ||    83
Dodge: Dodged            |    35 |    85 |    11 ||   131

Table legend: (Time is in decaauts)
 A = Elapsed time spent in this place.
 B = Non-inter-level travel time spent in this place.
 C = Inter-level travel time spent in this place.
 D = Time resting spent in this place.
 E = Time spent auto-exploring this place.
 F = Levels seen in this place.
 G = Mean time per level.
                   A        B        C        D        E       F      G
               +--------+--------+--------+--------+--------+-----+--------+
         Total |   4612 |   4352 |    260 |    449 |   3332 |   5 |  922.4 |
       Dungeon |   4612 |   4352 |    260 |    449 |   3332 |   5 |  922.4 |
               +--------+--------+--------+--------+--------+-----+--------+

Top non-repeatable levels by time:
     D:4: 1466 daAuts
     D:3: 1153 daAuts
     D:1: 1043 daAuts
     D:2: 857 daAuts
     D:5: 93 daAuts
